MLB
HOUSTON ASTROS @ LAS VEGAS HUSTLE
09/26/2098
 
TOP OF THE 1ST
Houston Astros batting - Pitching for Las Vegas Hustle : LHP Matt Osborne
Pitching: LHP Matt Osborne
Batting: RHB Erik Ellsworth 0-0: Foul Ball, location: 2F
0-1: Foul Ball, location: 2F
0-2: Strikes out swinging
Batting: RHB Jeff Cinnamon 0-0: SINGLE (Line Drive, 5D, EV 93.8 MPH)
Batting: RHB Kyle Stewart 0-0: Ball
1-0: Ball
2-0: Ball
3-0: Called Strike
3-1: SINGLE (Flyball, 7S, EV 99.4 MPH)
Jeff Cinnamon to second
Batting: LHB Alex Perez 0-0: Ball
1-0: Fly out, F8 (Flyball, 8RD, EV 100.0 MPH)
Batting: RHB Frank Kelsay 0-0: Called Strike
0-1: Ball
1-1: Ball
2-1: Swinging Strike
2-2: Foul Ball, location: 5F
2-2: Foul Ball, location: 23FF
2-2: Strikes out swinging
Top of the 1st over - 0 runs, 2 hits, 0 errors, 2 left on base; Houston 0 - Las Vegas 0
BOTTOM OF THE 1ST
Las Vegas Hustle batting - Pitching for Houston Astros : RHP Ron Lord
Pitching: RHP Ron Lord
Batting: LHB Steve Lawler 0-0: Ground out 4-3 (Groundball, 4, EV 80.6 MPH)
Batting: RHB Rick Roberds 0-0: Foul Ball, location: 23F
0-1: Swinging Strike
0-2: Strikes out looking
Batting: RHB Tony Ledezma 0-0: Ball
1-0: Foul Ball, location: 2F
1-1: Foul Ball, location: 9LMF
1-2: Strikes out looking
Bottom of the 1st over - 0 runs, 0 hits, 0 errors, 0 left on base; Houston 0 - Las Vegas 0
TOP OF THE 2ND
Houston Astros batting - Pitching for Las Vegas Hustle : LHP Matt Osborne
Batting: LHB Roy Lazzaro 0-0: Called Strike
0-1: Ball
1-1: Called Strike
1-2: Ball
2-2: Ball
3-2: Ground out 5-3 (Groundball, 56S, EV 88.8 MPH)
Batting: LHB Zack Baize 0-0: Foul Ball, location: 3SF
0-1: Fly out, F7 (Flyball, 7, EV 92.5 MPH)
Batting: LHB Aaron Bruckerhoff 0-0: Ball
1-0: Ground out 4-3 (Groundball, 4, EV 88.1 MPH)
Top of the 2nd over - 0 runs, 0 hits, 0 errors, 0 left on base; Houston 0 - Las Vegas 0
BOTTOM OF THE 2ND
Las Vegas Hustle batting - Pitching for Houston Astros : RHP Ron Lord
Batting: RHB John Conway 0-0: Called Strike
0-1: Called Strike
0-2: Ball
1-2: Ball
2-2: Strikes out looking
Batting: RHB Clint Hurley 0-0: Ball
1-0: Foul Ball, location: 25F
1-1: Ground out 6-3 (Groundball, 6, EV 84.4 MPH)
Batting: LHB Yazid Deacon 0-0: Called Strike
0-1: Called Strike
0-2: Ball
1-2: Ball
2-2: Reached on error, E2 (Groundball, 2L, EV 63.1 MPH)
Batting: SHB Josh Osborne 0-0: Ball
1-0: Called Strike
1-1: SINGLE (Flyball, 8LS, EV 86.9 MPH)
Yazid Deacon to third
Runner from 3rd tries for Home, SAFE, throw by CF to home
Batting: SHB Jose Espinoza 0-0: Called Strike
0-1: Ball
1-1: Ball
2-1: Foul Ball, location: 2F
2-2: Foul Ball, location: 2F
2-2: Fly out, F9 (Flyball, 89M, EV 79.4 MPH)
Bottom of the 2nd over - 1 run, 1 hit, 1 error, 1 left on base; Houston 0 - Las Vegas 1
TOP OF THE 3RD
Houston Astros batting - Pitching for Las Vegas Hustle : LHP Matt Osborne
Batting: RHB Manchu Hu 0-0: Called Strike
0-1: Called Strike
0-2: Ball
1-2: Foul Ball, location: 5FF
1-2: Foul Ball, location: 7LDF
1-2: Foul Ball, location: 5F
1-2: Fly out, F6 (Popup, 6, EV 60.6 MPH)
Pitching: RHP Javy Jacome
Batting: RHB Erik Ellsworth 0-0: Foul Ball, location: 3F
0-1: Ball
1-1: Ball
2-1: Foul Ball, location: 2F
2-2: Foul Ball, location: 9LDF
2-2: Strikes out swinging
Batting: RHB Jeff Cinnamon 0-0: Ball
1-0: Ball
2-0: Ball
3-0: Base on Balls
Batting: RHB Kyle Stewart 0-0: Swinging Strike
0-1: Ball
1-1: SINGLE (Line Drive, 8RS, EV 101.9 MPH)
Jeff Cinnamon to second
Batting: LHB Alex Perez 0-0: Ground out U3 (Groundball, 3, EV 95.0 MPH)
Top of the 3rd over - 0 runs, 1 hit, 0 errors, 2 left on base; Houston 0 - Las Vegas 1
BOTTOM OF THE 3RD
Las Vegas Hustle batting - Pitching for Houston Astros : RHP Ron Lord
Batting: SHB Alberto Aguilar 0-0: Ball
1-0: Ball
2-0: Fly out, F4 (Popup, 13S, EV 91.9 MPH)
Batting: LHB Steve Lawler 0-0: Called Strike
0-1: Foul Ball, location: 2F
0-2: Ball
1-2: Ground out 6-3 (Groundball, 6, EV 105.0 MPH)
Batting: RHB Rick Roberds 0-0: Called Strike
0-1: Ball
1-1: Foul Ball, location: 2F
1-2: Ground out 4-3 (Groundball, 4M, EV 90.0 MPH)
Bottom of the 3rd over - 0 runs, 0 hits, 0 errors, 0 left on base; Houston 0 - Las Vegas 1
TOP OF THE 4TH
Houston Astros batting - Pitching for Las Vegas Hustle : RHP Javy Jacome
Batting: RHB Frank Kelsay 0-0: Ball
1-0: SINGLE (Line Drive, 6M, EV 96.9 MPH)
Batting: LHB Roy Lazzaro 0-0: Ball
1-0: Fielders Choice at 2nd, 4-6 (Groundball, 34, EV 86.3 MPH)
Pitching: RHP Bill Grow
Batting: LHB Zack Baize 0-0: Foul Ball, location: 2F
0-1: Called Strike
0-2: Ball
1-2: Ball
Wild Pitch!
Roy Lazzaro to second
2-2: Ball
3-2: Base on Balls
Batting: LHB Aaron Bruckerhoff 0-0: Called Strike
0-1: Ball
1-1: Called Strike
1-2: Fly out, F8 (Flyball, 8RM, EV 96.3 MPH)
Batting: RHB Manchu Hu 0-0: Foul Ball, location: 2F
0-1: Ball
1-1: Called Strike
1-2: Fly out, F4 (Popup, 34S, EV 66.3 MPH)
Top of the 4th over - 0 runs, 1 hit, 0 errors, 2 left on base; Houston 0 - Las Vegas 1
BOTTOM OF THE 4TH
Las Vegas Hustle batting - Pitching for Houston Astros : RHP Ron Lord
Batting: RHB Tony Ledezma 0-0: Ball
1-0: Ball
2-0: Ball
3-0: Called Strike
3-1: Swinging Strike
3-2: Foul Ball, location: 3DF
3-2: Strikes out looking
Batting: RHB John Conway 0-0: Ball
1-0: Called Strike
1-1: SINGLE (Groundball, 56D, EV 98.8 MPH)
Batting: RHB Clint Hurley 0-0: DOUBLE (Line Drive, 3D, EV 94.4 MPH)
John Conway to third
Runner from 3rd tries for Home, SAFE, no throw by RF
Batting: LHB Yazid Deacon 0-0: Called Strike
0-1: Called Strike
0-2: Strikes out swinging
Batting: SHB Josh Osborne 0-0: Ball
1-0: Foul Ball, location: 7LSF
1-1: Foul Ball, location: 5F
1-2: Strikes out swinging
Bottom of the 4th over - 1 run, 2 hits, 0 errors, 1 left on base; Houston 0 - Las Vegas 2
TOP OF THE 5TH
Houston Astros batting - Pitching for Las Vegas Hustle : RHP Bill Grow
Batting: RHB Erik Ellsworth 0-0: Called Strike
0-1: Ball
1-1: Fly out, F8 (Flyball, 8LD, EV 107.5 MPH)
Batting: RHB Jeff Cinnamon 0-0: Swinging Strike
0-1: Ball
1-1: Foul Ball, location: 2F
1-2: Strikes out swinging
Batting: RHB Kyle Stewart 0-0: Ball
1-0: Fly out, F9 (Line Drive, 89M, EV 105.0 MPH)
Top of the 5th over - 0 runs, 0 hits, 0 errors, 0 left on base; Houston 0 - Las Vegas 2
BOTTOM OF THE 5TH
Las Vegas Hustle batting - Pitching for Houston Astros : RHP Ron Lord
Batting: SHB Jose Espinoza 0-0: Ball
1-0: SOLO HOME RUN (Flyball, 9D, EV 98.1 MPH), Distance : 367 ft
Batting: SHB Alberto Aguilar 0-0: Ball
1-0: Foul Ball, location: 7LMFF
1-1: Ball
2-1: Ball
3-1: Base on Balls
Batting: LHB Steve Lawler 0-0: Ball
1-0: Called Strike
1-1: Called Strike
1-2: Ball
2-2: SINGLE (Line Drive, 34D, EV 103.1 MPH)
Alberto Aguilar to second
Batting: RHB Rick Roberds 0-0: Ball
1-0: Swinging Strike
1-1: Ball
2-1: SINGLE (Line Drive, 78M, EV 108.1 MPH)
Alberto Aguilar to third
Steve Lawler to second
Pitching: RHP Larry DeWolfe
Batting: RHB Tony Ledezma 0-0: Called Strike
0-1: SINGLE (Groundball, 4MD, EV 103.1 MPH)
Alberto Aguilar scores
Steve Lawler to third
Rick Roberds to second
Batting: RHB John Conway 0-0: Ball
1-0: Grounds into double play, 6-4-3 (Groundball, 6, EV 85.6 MPH)
Steve Lawler scores
Rick Roberds to third
Batting: RHB Clint Hurley 0-0: Called Strike
0-1: Ball
1-1: Ball
2-1: Called Strike
2-2: Foul Ball, location: 2F
2-2: Ball
3-2: Base on Balls
Batting: LHB Yazid Deacon 0-0: Ball
1-0: Called Strike
1-1: Called Strike
1-2: Ground out 4-3 (Groundball, 4, EV 102.5 MPH)
Bottom of the 5th over - 3 runs, 4 hits, 0 errors, 2 left on base; Houston 0 - Las Vegas 5
TOP OF THE 6TH
Houston Astros batting - Pitching for Las Vegas Hustle : RHP Bill Grow
Batting: LHB Alex Perez 0-0: Ball
1-0: Called Strike
1-1: SOLO HOME RUN (Flyball, 7D, EV 96.3 MPH), Distance : 378 ft
Pitching: LHP Brad Nelson
Batting: RHB Frank Kelsay 0-0: Swinging Strike
0-1: Ball
1-1: Swinging Strike
1-2: Foul Ball, location: 2F
1-2: Strikes out swinging
Batting: LHB Roy Lazzaro 0-0: Called Strike
0-1: Ball
1-1: Called Strike
1-2: Foul Ball, location: 3DF
1-2: Strikes out swinging
Batting: LHB Zack Baize 0-0: Foul Ball, location: 2F
0-1: Ball
1-1: Foul Ball, location: 7LMF
1-2: Fly out, F8 (Line Drive, 8LM, EV 108.8 MPH)
Top of the 6th over - 1 run, 1 hit, 0 errors, 0 left on base; Houston 1 - Las Vegas 5
BOTTOM OF THE 6TH
Las Vegas Hustle batting - Pitching for Houston Astros : RHP Larry DeWolfe
Batting: SHB Josh Osborne 0-0: Ball
1-0: Ground out U3 (Groundball, 3L, EV 79.4 MPH)
Batting: SHB Jose Espinoza 0-0: Ground out U3 (Groundball, 34, EV 93.1 MPH)
Batting: SHB Alberto Aguilar 0-0: Ball
1-0: Fly out, F6 (Popup, 6, EV 63.8 MPH)
Bottom of the 6th over - 0 runs, 0 hits, 0 errors, 0 left on base; Houston 1 - Las Vegas 5
TOP OF THE 7TH
Houston Astros batting - Pitching for Las Vegas Hustle : LHP Brad Nelson
Batting: LHB Aaron Bruckerhoff 0-0: Ball
1-0: Called Strike
1-1: Foul Ball, location: 7LSF
1-2: Foul Ball, location: 3F
1-2: Strikes out looking
Batting: RHB Manchu Hu 0-0: Ball
1-0: Ball
2-0: Ball
3-0: Called Strike
3-1: Base on Balls
Pitching: RHP Jerry Perez
Batting: RHB Erik Ellsworth 0-0: Ball
1-0: Ball
2-0: Called Strike
2-1: Ball
3-1: DOUBLE (Line Drive, 7LM, EV 86.3 MPH)
Manchu Hu to third
Batting: RHB Jeff Cinnamon 0-0: Ball
1-0: Ball
2-0: Swinging Strike
2-1: Foul Ball, location: 2F
2-2: Foul Ball, location: 2F
2-2: Ball
3-2: Strikes out swinging
Batting: RHB Kyle Stewart 0-0: Foul Ball, location: 5DF
0-1: SINGLE (Flyball, 78S, EV 98.8 MPH)
Manchu Hu scores
Erik Ellsworth to third
Runner from 3rd tries for Home, SAFE, throw by LF to home
Batting: LHB Alex Perez 0-0: Ball
1-0: Called Strike
1-1: Swinging Strike
1-2: Strikes out looking
Top of the 7th over - 2 runs, 2 hits, 0 errors, 1 left on base; Houston 3 - Las Vegas 5
BOTTOM OF THE 7TH
Las Vegas Hustle batting - Pitching for Houston Astros : RHP Larry DeWolfe
Batting: LHB Steve Lawler 0-0: Called Strike
0-1: Ball
1-1: Ball
2-1: Called Strike
2-2: Strikes out swinging
Batting: RHB Rick Roberds 0-0: Swinging Strike
0-1: Ball
1-1: Foul Ball, location: 2F
1-2: Ball
2-2: Strikes out swinging
Batting: RHB Tony Ledezma 0-0: Ball
1-0: Ball
2-0: SINGLE (Groundball, 4MD, EV 94.4 MPH)
Pitching: RHP Graham Burch
Batting: RHB John Conway 0-0: Foul Ball, location: 7LSF
0-1: Foul Ball, location: 9LDF
0-2: Ball
1-2: Ball
2-2: SINGLE (Groundball, 56D, EV 94.4 MPH)
Tony Ledezma to second
Batting: RHB Clint Hurley 0-0: Fly out, F9 (Flyball, 89S, EV 90.0 MPH)
Bottom of the 7th over - 0 runs, 2 hits, 0 errors, 2 left on base; Houston 3 - Las Vegas 5
TOP OF THE 8TH
Houston Astros batting - Pitching for Las Vegas Hustle : RHP Jerry Perez
Batting: RHB Frank Kelsay 0-0: Ball
1-0: Called Strike
1-1: Fly out, F8 (Line Drive, 78M, EV 91.3 MPH)
Batting: LHB Roy Lazzaro 0-0: Fly out, F8 (Line Drive, 78M, EV 101.3 MPH)
Batting: LHB Zack Baize 0-0: Swinging Strike
0-1: Foul Ball, location: 3FF
0-2: Ball
1-2: Strikes out swinging
Top of the 8th over - 0 runs, 0 hits, 0 errors, 0 left on base; Houston 3 - Las Vegas 5
BOTTOM OF THE 8TH
Las Vegas Hustle batting - Pitching for Houston Astros : RHP Graham Burch
Batting: LHB Yazid Deacon 0-0: Ball
1-0: Fly out, F8 (Flyball, 78M, EV 93.1 MPH)
Batting: SHB Josh Osborne 0-0: Called Strike
0-1: Ball
1-1: Ball
2-1: Fly out, F8 (Flyball, 8RXD, EV 94.4 MPH)
Batting: SHB Jose Espinoza 0-0: Swinging Strike
0-1: Foul Ball, location: 23FF
0-2: Ball
1-2: Ball
2-2: Strikes out looking
Bottom of the 8th over - 0 runs, 0 hits, 0 errors, 0 left on base; Houston 3 - Las Vegas 5
TOP OF THE 9TH
Houston Astros batting - Pitching for Las Vegas Hustle : RHP Jerry Perez
Pitching: LHP Adam Betts
Batting: LHB Aaron Bruckerhoff 0-0: Ground out 4-3 (Groundball, 4M, EV 82.5 MPH)
Batting: RHB Manchu Hu 0-0: Swinging Strike
0-1: Ball
1-1: Called Strike
1-2: Ball
2-2: Ball
3-2: SOLO HOME RUN (Flyball, 7D, EV 103.1 MPH), Distance : 390 ft
Batting: RHB Erik Ellsworth 0-0: Foul Ball, location: 5DF
0-1: Called Strike
0-2: Ball
1-2: Ground out 1-3 (Groundball, 13S, EV 61.9 MPH)
Batting: RHB Jeff Cinnamon 0-0: Called Strike
0-1: Ball
1-1: Swinging Strike
1-2: Strikes out looking
Top of the 9th over - 1 run, 1 hit, 0 errors, 0 left on base; Houston 4 - Las Vegas 5
Sunday, April 14th , 2024 - OOTP Baseball 24.11 Build 85